 Dungeon Crawl Stone Soup version 0.21.1-1-g345015fe64 (webtiles) character file.

178027 359359 the Fencer (level 18, 0/129 HPs)
             Began as a Tengu Gladiator on June 9, 2018.
             Was the Champion of Trog.
             Killed from afar by a shock serpent (23 damage)
             ... with a bolt of electricity
             ... on level 4 of the Snake Pit on June 10, 2018.
             The game lasted 03:21:33 (36594 turns).

359359 the Fencer (Tengu Gladiator)                Turns: 36594, Time: 03:21:35

Health: 0/129      AC: 21    Str: 20    XL:     18   Next: 18%
Magic:  19/19      EV: 27    Int:  9    God:    Trog [******]
Gold:   261        SH: 20    Dex: 22    Spells: 17/17 levels left

rFire    + . .     SeeInvis +   a - +5 demon blade (flame)
rCold    . . .     Gourm    .   R - +3 shield
rNeg     . . .     Faith    .   C - quicksilver dragon scales
rPois    +         Spirit   .   u - +0 hat of Narcissism {-Cast Str+4 SInv}
rElec    .         Reflect  +   F - +0 cloak {rPois}
rCorr    +         Harm     .   M - +1 pair of gloves
MR       ++++.     NoCast   +   (boots unavailable)
Stlth    +.........             G - +2 amulet of reflection
HPRegen  1.31/turn              A - ring of protection from fire
MPRegen  0.16/turn              K - ring of resist corrosion

@: berserk cooldown, flying quickly and evasively, regenerating, slowed,
constricted, very slow
A: beak, talons 3, iridescent scales 2, rugged brown scales 1, robust 1, able to
fly 2
a: Stop Flying, Berserk, Trog's Hand, Brothers in Arms, Burn Spellbooks,
Renounce Religion


You were on level 4 of the Snake Pit.
You worshipped Trog.
Trog was exalted by your worship.
You were not hungry.

You visited 4 branches of the dungeon, and saw 27 of its levels.
You also visited: Ice Cave.

You collected 3240 gold pieces.
You spent 2979 gold pieces at shops.

Inventory:

Hand Weapons
 a - a +5 demon blade of flaming (weapon)
 b - the +7 captain's cutlass {speed, disarm}
   (Trog gifted it to you on level 12 of the Dungeon)

   Attacks with this weapon are significantly faster.
 V - the +9 dagger of Entrepreneurial Spirit {freeze, rPois rN+}
   (Trog gifted it to you on level 4 of the Lair of Beasts)

   It has been specially enchanted to freeze those struck by it, causing extra
   injury to most foes and up to half again as much damage against particularly
   susceptible opponents.
   It can also slow down cold-blooded creatures.
   It protects you from poison.
   It protects you from negative energy.
Missiles
 d - 3 throwing nets
 p - 3 javelins of returning
 y - 6 steel javelins
 O - 5 silver javelins (quivered)
 S - 5 javelins of penetration
Armour
 u - the +0 hat of Narcissism (worn) {-Cast Str+4 SInv}
   (You acquired it on level 2 of the Lair of Beasts)

   It affects your strength (+4).
   It lets you see invisible.
   It prevents spellcasting.
 C - quicksilver dragon scales (worn)
 F - a +0 cloak of poison resistance (worn)
 L - +0 ice dragon scales
 M - a +1 pair of gloves (worn)
 R - a +3 shield (worn)
 X - the +3 chain mail "Mirouck" {rF++}
   (You bought it in a shop on level 2 of the Orcish Mines)

   It greatly protects you from fire.
Jewellery
 i - an uncursed ring of ice
 t - an uncursed amulet of magic regeneration
 A - a ring of protection from fire (left hand)
 G - a +2 amulet of reflection (around neck)
 K - a ring of resist corrosion (right hand)
 N - an uncursed ring of see invisible
Wands
 v - a wand of disintegration (2)
 E - a wand of flame (21)
 I - a wand of iceblast (6)
Scrolls
 c - 2 scrolls of fog
 h - a scroll of brand weapon
 k - 3 scrolls of enchant weapon
 l - 5 scrolls of magic mapping
 n - 11 scrolls of identify
 o - 19 scrolls of teleportation
 q - 3 scrolls of enchant armour
 r - a scroll of acquirement
 w - 9 scrolls of remove curse
 x - a scroll of fear
 D - a scroll of holy word
 T - 2 scrolls of summoning
Potions
 e - 9 potions of curing
 j - a potion of brilliance
 m - 3 potions of might
 s - 7 potions of agility
 z - 7 potions of heal wounds
 B - 2 potions of resistance
 Z - 2 potions of haste
Books
 g - a book of Transfigurations

   Spells                             Type                      Level
   a - Irradiate                      Conjuration/Transmutation    5
   b - Statue Form                    Transmutation/Earth          6
   c - Hydra Form                     Transmutation                6
   d - Dragon Form                    Transmutation                7
   Trog disapproves of the use of such an item.
Comestibles
 f - 37 rations


   Skills:
 * Level 13.4 Fighting
 - Level 11.2(15.3) Short Blades
 - Level 17.0(18.0) Long Blades
 - Level 2.0 Throwing
 - Level 8.0 Armour
 - Level 16.2 Dodging
 - Level 15.1 Shields


You had 17 spell levels left.
You didn't know any spells.

Dungeon Overview and Level Annotations

Branches:
Dungeon (15/15)            Temple (0/1) D:7            Lair (6/6) D:11
 Shoals (0/4) Lair:3        Snake (4/4) Lair:2        Slime (0/5) Lair:6
    Orc (2/2) D:12            Elf (0/3) Orc:2        Vaults (0/5) D:14
 Depths (0/5) D:15

Altars:
Ashenzari
Cheibriados
Dithmenos
Elyvilon
Hepliaklqana
Makhleb
Nemelex Xobeh
Okawaru
Qazlal
Ru
Trog
Uskayaw
Vehumet
Xom
Yredelemnul
Zin
The Shining One

Shops:
D:5 [   D:6 ?   Orc:1 %   Orc:2 !:[![   Snake:1 ?}   Snake:2 ?


Innate Abilities, Weirdness & Mutations

You have a beak for a mouth.
You have claws for feet.
You can fly continuously.
You are mostly covered in iridescent scales. (AC +4)
You are partially covered in rugged brown scales. (AC +1, +3% HP)
You are robust. (+10% HP)


Message History

You block the shock serpent's attack. You block the nagaraja's attack.
The guardian serpent gestures with its tail.
The nagaraja blinks!
The naga warrior blinks!
The nagaraja closely misses you. You block the nagaraja's attack.
You block the naga warrior's attack. The naga warrior grabs you.
The naga warrior constricts you. The shock serpent misses you.
The naga barely misses you. The naga misses you.
You see here 16 stones.
As you read the scroll of fear, it crumbles to dust.
You assume a fearsome visage.
The shock serpent looks frightened!
The nagaraja resists with almost no effort.
The guardian serpent looks frightened!
The naga looks frightened!
You feel sick.
You are no longer poisoned.
The naga warrior seems to regain its courage.
You block the nagaraja's attack.
The shock serpent shoots out a bolt of lightning at you!
The bolt of electricity hits you!
* * * LOW HITPOINT WARNING * * *
The bolt of electricity hits you!
You die...

#.......# #.##.#..##
###.....#
######.##.##.## #.....#
#.....)##....[.
##########).....##..##.#
##. .##
#)†)).....##.....# ##
#.###.#
#(####.#.#.#.#.#.# #..
##..S..###.#
#............# ....
#.......#NN#
##.#.#.#.#.#.. ≈....
+.≈≈≈≈≈.'S@#
#..........<..
≈.....#†≈≈≈≈≈.'NN#
##.#.#.#.#.#..
≈.....).)≈≈≈≈.)..#
#.............
.....§#)).....#.##
##.#.#.#.#.#.. #....
##.)...####
#.[.........#. ##..
#N###.# ##.#.#.#.#.##.
#. ##...##
#...........#. # #####
##.#.#.#.#.###
#########....


You could see a naga warrior, a nagaraja, a shock serpent (fleeing), a guardian
serpent (fleeing) and 2 nagas.

Vanquished Creatures
  Nikola (Snake:4)
  Rupert (D:14)
  Kirke (Snake:2)
  Agnes (D:14)
  Donald (Orc:2)
  The ghost of zuik the Executioner, a journeyman MiBe of Trog (D:14)
  2 nagarajas (Snake:4)
  A frost giant (IceCv)
  The ghost of Plasmo the Fighter, a journeyman BaWz of Cheibriados (Lair:6)
  The ghost of Bapho the Grappler, a journeyman TrMo of Qazlal (D:12)
  Azrael (Orc:2)
  2 ettins
  A fire dragon (Lair:6)
  Josephine (Orc:1)
  7 hydras
  11 naga warriors
  2 death knights
  An ogre mage (D:15)
  An ice dragon (Orc:2)
  The ghost of FluffierThanThou the Basher, a novice MiBe of Trog (D:8)
  10 anacondas
  3 centaur warriors
  5 two-headed ogres
  4 tengu warriors
  Erica (Orc:1)
  6 orc high priests
  The ghost of P0WERM0DE the Reanimator, a novice GnNe of Cheibriados (D:12)
  4 death yaks
  9 shock serpents
  5 naga sharpshooters
  A deep elf knight (D:15)
  A salamander mystic (Snake:3)
  2 deep trolls
  5 unseen horrors
  2 sea snakes (Snake:4)
  A swamp dragon (Lair:6)
  5 naga ritualists
  A lindwurm (Lair:5)
  10 orc knights
  8 mana vipers
  2 deep elf magi
  3 cyclopes
  11 elephants
  25 ugly things
  7 salamanders
  2 manticores
  12 naga magi
  10 guardian serpents
  An ice statue (IceCv)
  27 black mambas
  4 centaur zombies
  A torpor snail (Lair:2)
  11 spiny frogs
  2 rime drakes
  2 gargoyles
  A yaktaur (shapeshifter) (D:14)
  9 komodo dragons
  An efreet (D:13)
  A freezing wraith (D:14)
  3 tengu conjurers
  5 trolls
  3 meliai (Lair:4)
  A queen bee (Lair:4)
  18 polar bears
  3 hornets
  16 blink frogs
  12 hippogriffs
  7 slime creatures
  2 dream sheep (D:9)
  A centaur simulacrum (D:15)
  2 shadows
  27 yaks
  A tarantella (shapeshifter) (D:15)
  9 wraiths
  Sigmund (D:5)
  6 wyverns
  16 humans (D:14)
  3 hogs (Snake:2)
  7 basilisks
  5 steam dragons
  2 vampire mosquitoes (D:15)
  A hungry ghost (D:15)
  2 wargs (Orc:2)
  36 nagas
  2 swamp drakes
  3 acid dragons
  14 water moccasins
  5 hell hounds (Orc:2)
  10 porcupines
  4 ice beasts
  48 orc warriors
  4 sky beasts
  A necrophage (D:11)
  2 phantoms
  2 eyes of draining (D:15)
  31 wolves
  13 ogres
  20 centaurs
  19 crocodiles
  Blork the orc (D:5)
  13 bullfrogs
  6 big kobolds
  A wyvern zombie (D:8)
  3 scorpions
  47 killer bees
  3 wights (D:13)
  4 howler monkeys
  8 crimson imps
  3 jellies
  5 bullfrog zombies
  4 centaur skeletons
  6 hounds
  33 orc priests
  2 bullfrog skeletons
  26 orc wizards
  7 iguanas
  A hell rat (Lair:4)
  13 worker ants
  A killer bee zombie (D:8)
  A hound zombie (D:8)
  A worker ant zombie (D:11)
  3 gnolls (D:8)
  15 adders
  A howler monkey skeleton (D:8)
  5 shadow imps
  An ooze (D:2)
  An adder skeleton (D:4)
  3 worms
  13 leopard geckos
  96 orcs
  2 giant cockroaches (D:3)
  5 goblins
  8 hobgoblins
  24 jackals
  23 kobolds
  5 quokkas
  A ball python (D:2)
  A ball python skeleton (D:4)
  5 bats
  3 frilled lizards
  A leopard gecko skeleton (D:6)
  A quokka skeleton (D:4)
  A quokka zombie (D:5)
  7 rats
  A fungus (Lair:6)
  A plant (Lair:6)
1038 creatures vanquished.

Vanquished Creatures (collateral kills)
  Roxanne (Snake:2)
  Aizul (Snake:3)
  Fannar (Lair:1)
  A hydra (Lair:6)
  A phantasmal warrior (D:10)
  A black mamba (Lair:6)
  A polar bear (Lair:6)
  A vampire (D:14)
  A naga (Snake:2)
9 creatures vanquished.

Vanquished Creatures (others)
  Nessos (D:14)
  A human (Snake:2)
  A yak (IceCv)
  3 centaurs
  An orc (Orc:1)
  36 fungi
  31 plants
74 creatures vanquished.

Grand Total: 1121 creatures vanquished

Notes
Turn   | Place    | Note
-------+----------+-------------------------------------------
     0 | D:1      | 359359 the Tengu Gladiator began the quest for the Orb.
     0 | D:1      | Reached XP level 1. HP: 12/12 MP: 2/2
   270 | D:1      | Reached XP level 2. HP: 12/17 MP: 3/3
   454 | D:1      | Reached skill level 4 in Long Blades
  1003 | D:2      | Found a hazy altar of Hepliaklqana.
  1082 | D:2      | Found a sacrificial altar of Ru.
  1311 | D:2      | Found a sparkling altar of Nemelex Xobeh.
  1482 | D:2      | Reached XP level 3. HP: 21/21 MP: 4/4
  1567 | D:2      | Noticed a moth of wrath
  1569 | D:2      | Found a bloodstained altar of Trog.
  2259 | D:2      | Became a worshipper of Trog the Wrathful
  2436 | D:3      | Reached skill level 5 in Long Blades
  2941 | D:3      | Reached XP level 4. HP: 23/26 MP: 5/5
  3036 | D:3      | Found a white marble altar of Elyvilon.
  3277 | D:3      | Reached * piety under Trog
  3773 | D:3      | Found a basalt altar of Yredelemnul.
  3956 | D:3      | Found a hide-covered altar of Uskayaw.
  4054 | D:4      | Noticed an ogre
  4286 | D:4      | Reached skill level 6 in Long Blades
  4286 | D:4      | Gained mutation: You can fly. [Tengu growth]
  4286 | D:4      | Reached XP level 5. HP: 25/30 MP: 6/6
  4600 | D:4      | Reached XP level 6. HP: 26/35 MP: 7/7
  4734 | D:3      | Reached skill level 5 in Dodging
  4884 | D:4      | Reached ** piety under Trog
  5157 | D:4      | Found a radiant altar of Vehumet.
  5389 | D:4      | Found a shimmering altar of Xom.
  5391 | D:4      | Found a bloodstained altar of Trog.
  5391 | D:4      | Found a glowing golden altar of the Shining One.
  5393 | D:4      | Found a basalt altar of Yredelemnul.
  5393 | D:4      | Found a glowing golden altar of the Shining One.
  5393 | D:4      | Found a shimmering altar of Xom.
  5565 | D:5      | Entered Level 5 of the Dungeon
  5565 | D:5      | Noticed Blork the orc
  5590 | D:5      | Reached XP level 7. HP: 40/40 MP: 8/8
  5967 | D:5      | Noticed Sigmund
  5977 | D:5      | Killed Sigmund
  5977 | D:5      | Reached skill level 7 in Long Blades
  6040 | D:5      | Found Foiniunt's Antique Armour Shop.
  6044 | D:5      | Bought a spiked leather armour for 210 gold pieces
  6054 | D:5      | Identified the +2 leather armour of Contentment {Int+2} (You bought it in a shop on level 5 of the Dungeon)
  6212 | D:5      | Reached XP level 8. HP: 39/44 MP: 9/9
  6486 | D:6      | Reached skill level 8 in Long Blades
  6553 | D:6      | Found a glowing silver altar of Zin.
  6553 | D:6      | Found a burning altar of Makhleb.
  6554 | D:6      | Noticed a cacodemon
  6554 | D:6      | Noticed an angel
  6923 | D:6      | Found Pisibo Ykai's Magic Scroll Emporium.
  6956 | D:6      | Bought a scroll of remove curse for 39 gold pieces
  7043 | D:6      | Reached *** piety under Trog
  7360 | D:6      | Found a bloodstained altar of Trog.
  8006 | D:7      | Found a shattered altar of Ashenzari.
  8080 | D:7      | Reached XP level 9. HP: 52/52 MP: 10/10
  8109 | D:7      | Found a staircase to the Ecumenical Temple.
  8278 | D:7      | Found a shadowy altar of Dithmenos.
  8284 | D:7      | Got a faintly glowing dagger
  8285 | D:7      | Identified the +5 dagger "Idghaaqyi" {elec, rPois Stlth+} (You found it on level 7 of the Dungeon)
  8829 | D:8      | Noticed FluffierThanThou's ghost (novice MiBe)
  8838 | D:7      | Reached skill level 1 in Short Blades
  9105 | D:8      | Killed FluffierThanThou's ghost
  9437 | D:8      | Reached XP level 10. HP: 57/57 MP: 8/11
  9828 | D:8      | Reached **** piety under Trog
 10281 | D:9      | Noticed a two-headed ogre
 10299 | D:9      | Killed a two-headed ogre
 10299 | D:9      | Reached skill level 10 in Dodging
 10636 | D:9      | Received a gift from Trog
 10895 | D:9      | Noticed a two-headed ogre
 10903 | D:9      | Killed a two-headed ogre
 10974 | D:9      | Found an iron altar of Okawaru.
 11086 | D:9      | Received a gift from Trog
 11086 | D:9      | Reached XP level 11. HP: 61/61 MP: 8/12
 11139 | D:9      | Noticed a two-headed hydra
 11154 | D:9      | Killed a two-headed hydra
 11276 | D:10     | Entered Level 10 of the Dungeon
 11346 | D:10     | Killed an unseen horror
 11416 | D:10     | Got a brightly glowing dagger
 11428 | D:10     | Identified the +0 dagger of Pestilence {holy, Int+2} (You found it on level 10 of the Dungeon)
 11530 | D:10     | Reached skill level 10 in Short Blades
 11675 | D:10     | Reached ***** piety under Trog
 11698 | D:10     | Noticed a death knight
 11698 | D:10     | Noticed a phantasmal warrior
 11721 | D:10     | Killed a death knight
 11727 | D:10     | Killed a phantasmal warrior
 12064 | D:11     | Found a staircase to the Lair.
 12097 | D:11     | Noticed a green ugly thing
 12100 | D:11     | Noticed a brown ugly thing
 12141 | D:11     | Killed a brown ugly thing
 12146 | D:11     | Killed a green ugly thing
 13002 | D:5      | Killed Blork the orc
 13300 | Lair:1   | Entered Level 1 of the Lair of Beasts
 13325 | Lair:1   | Reached XP level 12. HP: 66/66 MP: 13/13
 13430 | Lair:1   | Noticed Fannar
 13469 | Lair:1   | Killed Fannar
 13582 | Lair:1   | Gained mutation: You are clumsy. (Dex -2) [potion of mutation]
 13582 | Lair:1   | Gained mutation: Your movements are slightly less encumbered by armour. (ER -2) [potion of mutation]
 13582 | Lair:1   | Gained mutation: You possess an exceptional clarity of mind. [potion of mutation]
 13583 | Lair:1   | Lost mutation: You are clumsy. (Dex -2) [potion of mutation]
 13583 | Lair:1   | Lost mutation: Your movements are slightly less encumbered by armour. (ER -2) [potion of mutation]
 13583 | Lair:1   | Gained mutation: You evolve. [potion of mutation]
 13583 | Lair:1   | Gained mutation: You are frail. (-10% HP) [potion of mutation]
 13583 | Lair:1   | Gained mutation: You are covered in fur. (AC +1) [potion of mutation]
 13583 | Lair:1   | Gained mutation: You are resistant to hostile enchantments. (MR+) [potion of mutation]
 13648 | Lair:1   | Reached skill level 9 in Long Blades
 13915 | Lair:1   | Found a dark tunnel.
 14313 | Lair:2   | Reached skill level 5 in Fighting
 14957 | Lair:2   | Identified a scroll of acquirement
 14960 | Lair:2   | Got a scorched hat
 14972 | Lair:2   | Identified the +0 hat of Narcissism {-Cast Str+4 SInv} (You acquired it on level 2 of the Lair of Beasts)
 15169 | Lair:2   | Found a staircase to the Snake Pit.
 16010 | Lair:3   | HP: 4/96 [polar bear (3)]
 16011 | Lair:3   | Reached skill level 10 in Long Blades
 16403 | Lair:3   | Found a staircase to the Shoals.
 16580 | Lair:3   | Reached skill level 11 in Long Blades
 17398 | Lair:4   | Reached skill level 12 in Long Blades
 17630 | Lair:4   | Gained mutation: You are partially covered in rugged brown scales. (AC +1, +3% HP) [evolution]
 17675 | Lair:4   | Reached XP level 13. HP: 65/70 MP: 14/14
 17769 | Lair:4   | Received a gift from Trog
 17772 | Lair:4   | Got a twisted dagger {god gift}
 17780 | Lair:4   | Identified the +9 dagger of Entrepreneurial Spirit {freeze, rPois rN+} (Trog gifted it to you on level 4 of the Lair of Beasts)
 17977 | Lair:4   | Reached skill level 13 in Long Blades
 18911 | Lair:4   | Reached skill level 14 in Long Blades
 19704 | Lair:5   | Lost mutation: You possess an exceptional clarity of mind. [evolution]
 19714 | Lair:5   | Got a jewelled morningstar
 19755 | Lair:5   | Identified the cursed +1 morningstar of the Eternal Void {flame, *Noise MR++ SInv} (You found it on level 5 of the Lair of Beasts)
 21082 | D:12     | Gained mutation: You can fly continuously. [Tengu growth]
 21082 | D:12     | Reached XP level 14. HP: 76/76 MP: 15/15
 21145 | D:12     | Received a gift from Trog
 21146 | D:12     | Found the +7 captain's cutlass {speed, disarm}
 21407 | D:12     | Found a staircase to the Orcish Mines.
 21424 | D:12     | Reached skill level 10 in Shields
 21755 | D:12     | Noticed P0WERM0DE's ghost (novice GnNe)
 21766 | D:12     | Killed P0WERM0DE's ghost
 21897 | D:12     | Noticed Bapho's ghost (journeyman TrMo)
 21907 | D:12     | Killed Bapho's ghost
 22141 | Lair:6   | Entered Level 6 of the Lair of Beasts
 22156 | Lair:6   | Found a glowing golden altar of the Shining One.
 22935 | Lair:6   | Noticed Plasmo's ghost (journeyman BaWz)
 23296 | Lair:6   | Killed Plasmo's ghost
 23708 | Lair:6   | Gained mutation: Your spells are a little harder to cast, but a little more powerful. [evolution]
 23772 | Lair:6   | Got a faintly glowing scimitar
 23792 | Lair:6   | Identified the cursed +2 scimitar of Honour {flame, Int+2} (You found it on level 6 of the Lair of Beasts)
 23836 | Lair:6   | Found a staircase to the Slime Pits.
 24447 | D:13     | Received a gift from Trog
 25086 | D:13     | Reached XP level 15. HP: 79/79 MP: 16/16
 25667 | D:14     | Noticed Agnes
 25690 | D:14     | Killed Agnes
 25747 | D:14     | Noticed zuik's ghost (journeyman MiBe)
 25760 | D:14     | Killed zuik's ghost
 26515 | D:14     | Noticed Rupert
 26545 | D:14     | Killed Rupert
 26545 | D:14     | Reached skill level 15 in Shields
 26579 | D:14     | Received a gift from Trog
 26659 | D:14     | Noticed Nessos
 26675 | D:14     | Killed Nessos
 26808 | D:14     | Lost mutation: You evolve. [potion of mutation]
 26808 | D:14     | Lost mutation: You are covered in fur. (AC +1) [potion of mutation]
 26808 | D:14     | Gained mutation: You are partially covered in iridescent scales. (AC +2) [potion of mutation]
 26809 | D:14     | Found a gate to the Vaults.
 27014 | D:14     | Received a gift from Trog
 27037 | D:15     | Entered Level 15 of the Dungeon
 27202 | D:15     | Received a gift from Trog
 27431 | D:15     | Reached skill level 10 in Fighting
 27631 | D:15     | Found a staircase to the Depths.
 27707 | D:15     | Reached XP level 16. HP: 86/90 MP: 17/17
 27736 | D:15     | Received a gift from Trog
 27751 | D:15     | Found a snail-covered altar of Cheibriados.
 27772 | D:15     | Reached skill level 15 in Dodging
 27779 | D:15     | Reached skill level 1 in Armour
 28441 | Orc:1    | Entered Level 1 of the Orcish Mines
 28441 | Orc:1    | Found Wyodi's Food Shoppe.
 28441 | Orc:1    | Noticed Josephine
 28710 | Orc:1    | Killed Josephine
 28724 | Orc:1    | Noticed Erica
 28846 | Orc:1    | Killed Erica
 28846 | Orc:1    | Reached skill level 5 in Armour
 29081 | Orc:2    | Entered Level 2 of the Orcish Mines
 29390 | Orc:2    | Found a frozen archway.
 29418 | Orc:2    | Received a gift from Trog
 29462 | IceCv    | Entered an ice cave
 29856 | IceCv    | Reached ****** piety under Trog
 29986 | IceCv    | Received a gift from Trog
 30157 | IceCv    | Reached skill level 15 in Long Blades
 30474 | Orc:2    | Noticed Donald
 30481 | Orc:2    | Killed Donald
 30944 | Orc:2    | Received a gift from Trog
 31252 | Orc:2    | Found Mocaest's Book Shop.
 31255 | Orc:2    | Found Caudgh's Antique Armour Shop.
 31256 | Orc:2    | Found Fukicom's Antique Armour Shop.
 31257 | Orc:2    | Found Ysomoed's Distillery.
 31266 | Orc:2    | Bought a potion of mutation for 136 gold pieces
 31266 | Orc:2    | Lost mutation: Your spells are a little harder to cast, but a little more powerful. [potion of mutation]
 31266 | Orc:2    | Lost mutation: You are frail. (-10% HP) [potion of mutation]
 31266 | Orc:2    | Lost mutation: You are resistant to hostile enchantments. (MR+) [potion of mutation]
 31266 | Orc:2    | Gained mutation: You are mostly covered in iridescent scales. (AC +4) [potion of mutation]
 31266 | Orc:2    | Gained mutation: You are robust. (+10% HP) [potion of mutation]
 31270 | Orc:2    | Bought an ancient chain mail for 294 gold pieces
 31280 | Orc:2    | Identified the +3 chain mail "Mirouck" {rF++} (You bought it in a shop on level 2 of the Orcish Mines)
 31307 | Orc:2    | Bought a twisted leather armour for 189 gold pieces
 31307 | Orc:2    | Bought a fine plate armour for 756 gold pieces
 31307 | Orc:2    | Bought a brightly glowing scale mail for 243 gold pieces
 31308 | Orc:2    | Identified the cursed +0 leather armour "Ohoasie" {*Slow Dex+5} (You bought it in a shop on level 2 of the Orcish Mines)
 31316 | Orc:2    | Identified the +8 plate armour of Fedhas's Delight {Regen+ Dex+4} (You bought it in a shop on level 2 of the Orcish Mines)
 31327 | Orc:2    | Identified the +1 scale mail of Dyran {rPois MR- Dex+8} (You bought it in a shop on level 2 of the Orcish Mines)
 31828 | Orc:2    | Found Bojirel's Distillery.
 31846 | Orc:2    | Bought a potion of heal wounds for 70 gold pieces
 31853 | Orc:2    | Found a staircase to the Elven Halls.
 31877 | Orc:2    | Noticed Azrael
 31890 | Orc:2    | Killed Azrael
 32238 | Lair:4   | Got a jewelled scale mail
 32249 | Lair:4   | Identified the +1 scale mail of Springtime {Str+6} (You found it on level 4 of the Lair of Beasts)
 32339 | Snake:1  | Entered Level 1 of the Snake Pit
 32527 | Snake:1  | Found Duidexav's Gadget Shop.
 32529 | Snake:1  | Found Daraes's Magic Scroll Boutique.
 32543 | Snake:1  | Bought a scroll of identify for 26 gold pieces
 32543 | Snake:1  | Bought a scroll of teleportation for 39 gold pieces
 32543 | Snake:1  | Bought a scroll of teleportation for 39 gold pieces
 32584 | Snake:1  | Reached XP level 17. HP: 117/117 MP: 18/18
 32686 | Snake:1  | Received a gift from Trog
 32910 | Snake:2  | Noticed Roxanne
 32932 | Snake:2  | Killed Roxanne
 33070 | Snake:2  | Received a gift from Trog
 33088 | Snake:2  | Noticed Kirke
 33143 | Snake:2  | Killed Kirke
 33483 | Snake:2  | Found Kepap's Magic Scroll Shoppe.
 33514 | Snake:2  | Bought a scroll of enchant armour for 105 gold pieces
 33514 | Snake:2  | Bought a scroll of acquirement for 728 gold pieces
 33514 | Snake:2  | Bought a scroll of enchant weapon for 105 gold pieces
 33638 | Snake:2  | Found a stormy altar of Qazlal.
 34344 | Snake:3  | Noticed Aizul
 34355 | Snake:3  | Killed Aizul
 35117 | Snake:4  | Entered Level 4 of the Snake Pit
 35666 | Snake:4  | Noticed Nikola
 35683 | Snake:4  | Received a gift from Trog
 35683 | Snake:4  | Reached skill level 16 in Long Blades
 35700 | Snake:4  | Killed Nikola
 36138 | Snake:4  | Reached XP level 18. HP: 128/128 MP: 19/19
 36420 | Snake:4  | Reached skill level 17 in Long Blades
 36594 | Snake:4  | Killed from afar by a shock serpent

Skill      XL: |  1  2  3  4  5  6  7  8  9 10 11 12 13 14 15 16 17 18 |
---------------+-------------------------------------------------------+-----
Long Blades    | 4 5 6 7 8 12 14 15 16 17 | 17.0
Dodging        | 4 5 8 11 13 14 16 | 16.2
Shields        | 2 4 6 9 13 15 | 15.1
Fighting       | 4 7 10 11 13 | 13.4
Short Blades   | 8 9 11 | 11.2
Armour         | 6 8 |  8.0
Throwing       | |  2.0

Action                   |  1- 3 |  4- 6 |  7- 9 | 10-12 | 13-15 | 16-18 || total
-------------------------+-------+-------+-------+-------+-------+-------++-------
Melee: Long sword        |    70 |   106 |   123 |       |       |       ||   299
       Kick              |    27 |    40 |    69 |   244 |   718 |   847 ||  1945
       Peck              |    11 |    18 |    47 |   139 |   442 |   523 ||  1180
       Dagger            |       |       |    73 |   571 |  1605 |  1170 ||  3419
       Falchion          |       |       |       |    74 |       |       ||    74
       Demon blade       |       |       |       |       |       |   510 ||   510
       Cutlass           |       |       |       |       |       |     6 ||     6
       Unarmed           |       |       |       |       |       |     2 ||     2
Throw: Stone             |    19 |       |       |       |       |       ||    19
       Tomahawk          |       |     3 |     2 |       |       |       ||     5
Invok: Berserk           |       |     7 |     9 |    21 |    28 |    16 ||    81
       Trog's Hand       |       |       |     1 |       |     4 |     8 ||    13
       Brothers in Arms  |       |       |       |     3 |     5 |     3 ||    11
 Abil: Fly               |       |     3 |     9 |    23 |    18 |       ||    53
Evoke: Lightning rod     |       |       |       |       |     3 |       ||     3
  Use: Potion            |     1 |       |       |     6 |     3 |     1 ||    11
       Scroll            |       |     2 |     5 |    15 |    10 |     5 ||    37
 Stab: Sleeping          |     1 |     2 |     1 |     4 |     4 |       ||    12
  Eat: Chunk             |     3 |    14 |     9 |    41 |    43 |    34 ||   144
       Ration            |     1 |       |     4 |     3 |     6 |     4 ||    18
Armor: Leather armour    |    10 |    15 |    17 |    40 |    16 |       ||    98
       Steam dragon scal |       |       |       |       |    63 |     9 ||    72
       Plate armour      |       |       |       |       |       |    69 ||    69
       Ice dragon scales |       |       |       |       |       |    13 ||    13
       Quicksilver drago |       |       |       |       |       |    28 ||    28
Dodge: Dodged            |    45 |    81 |   114 |   319 |   720 |   644 ||  1923
Block: Buckler           |       |       |    43 |   166 |   411 |       ||   620
       Shield            |       |       |       |     3 |   139 |  1133 ||  1275
       Reflection        |       |       |       |     7 |    33 |    76 ||   116
       Rpst.: Long sword |    17 |    25 |    23 |       |       |       ||    65
       Falchion          |       |       |       |    10 |       |       ||    10
       Demon blade       |       |       |       |       |       |    48 ||    48
